 Dungeon Crawl Stone Soup version 0.30.0-10-gfe55d96785 (webtiles) character file.

Game seed: 3584463245792421188

111594 dolemite99 the Hand of Fortune (level 16, -3/136 HPs)
             Began as a Demonspawn Monk on May 15, 2023.
             Was the Champion of Nemelex Xobeh.
             Succumbed to Agnes's poison
             ... on level 2 of the Snake Pit.
             The game lasted 01:14:57 (43146 turns).

dolemite99 the Hand of Fortune (Demonspawn Monk)   Turns: 43146, Time: 01:14:57

Health: -3/136     AC: 36    Str: 18    XL:     16   Next: 9%
Magic:  38/38      EV: 11    Int: 20    God:    Nemelex Xobeh [******]
Gold:   526        SH: 16    Dex: 19    Spells: 5/15 levels left

rFire   + . .        a - +4 sling of Turmoil {heavy, Int+2 Dex+3}
rCold   + . .        C - +0 kite shield {rF+}
rNeg    . . .        R - +3 plate armour {rC+}
rPois   +            I - +3 hat of Pondering {ponderous, Will+ MP+10 Int+5}
rElec   .            E - +2 cloak
rCorr   .            H - +2 pair of gloves
SInv    .            (boots unavailable)
Will    +++..        g - amulet of reflection Stlth
                     y - +5 ring of evasion
HPRegen 0.42/turn    A - +4 ring of protection
MPRegen 0.52/turn

%: reflection
@: lethally poisoned (-3 -> -46), about to teleport, slow
A: hooves 3, slimy green scales 3, magic regeneration, demonic magic 1, demonic
willpower
a: Renounce Religion, Draw Escape, Draw Destruction, Draw Summoning, Draw Stack,
Triple Draw, Deal Four, Stack Five


You were on level 2 of the Snake Pit.
You worshipped Nemelex Xobeh.
Nemelex Xobeh was exalted by your worship.
You visited 6 branches of the dungeon, and saw 26 of its levels.
You also visited: Volcano.

You collected 3055 gold pieces.
You spent 2529 gold pieces at shops.

Inventory:

Hand Weapons
 a - the +4 sling of Turmoil (weapon) {heavy, Int+2 Dex+3}
   (You found it on level 13 of the Dungeon)

   Int:       It affects your intelligence (+2).
   Dex:       It affects your dexterity (+3).
Missiles
 n - 3 throwing nets
 v - 11 poisoned darts
Armour
 C - a +0 kite shield of fire resistance (worn)
 E - a +2 cloak (worn)
 H - a +2 pair of gloves (worn)
 I - the +3 hat of Pondering (worn) {ponderous, Will+ MP+10 Int+5}
   (You took it off Gastronok on level 11 of the Dungeon)

   Int:       It affects your intelligence (+5).
   MP:        It affects your magic capacity (+10).
   Will:      It increases your willpower.
 R - a +3 plate armour of cold resistance (worn)
 U - a +1 chain mail of fire resistance
 W - a +0 kite shield
Magical Staves
 S - the staff of air "Iroshruvun" {rElec rPois rCorr SInv}
   (You found it on level 5 of the Lair of Beasts)

   [staff of air]

   Base accuracy: +5 Base damage: 5 Base attack delay: 1.2 This weapon's minimum
   attack delay (0.6) is reached at skill level 12.
   rElec:     It insulates you from electricity.
   rPois:     It protects you from poison.
   SInv:      It lets you see invisible.
   rCorr:     It protects you from acid and corrosion.
   It falls into the 'Staves' category.
   It is a one-handed weapon.
Jewellery
 g - an amulet of reflection (around neck)
 t - a ring of fire
 y - a +5 ring of evasion (left hand)
 A - a +4 ring of protection (right hand)
 G - a ring of protection from fire
 N - a +6 ring of dexterity
 P - a ring of magical power
 V - a ring of see invisible
Wands
 b - a wand of acid (2)
 j - a wand of roots (14)
 q - a wand of paralysis (27)
 s - a wand of digging (3)
Scrolls
 c - 6 scrolls of identify {@r1}
 e - a scroll of teleportation
 h - 2 scrolls of fog
 k - a scroll of poison
 p - 5 scrolls of blinking
 r - 5 scrolls of magic mapping
 u - a scroll of vulnerability
 x - a scroll of amnesia
 O - a scroll of fear
 X - a scroll of torment
 Z - a scroll of silence
Potions
 d - 6 potions of curing
 f - 5 potions of cancellation
 i - 2 potions of magic
 l - a potion of resistance
 m - 5 potions of brilliance
 o - 4 potions of lignification
 w - 3 potions of invisibility
 z - 5 potions of flight
 B - 2 potions of mutation
 D - a potion of might
 F - a potion of ambrosia
 J - 3 potions of heal wounds
 M - 2 potions of berserk rage
 Q - a potion of degeneration
Miscellaneous
 K - a condenser vane
 T - a box of beasts (inert)
 Y - a phantom mirror (inert)


   Skills:
 - Level 15.4 Fighting
 - Level 6.9 Ranged Weapons
 - Level 4.5 Throwing
 - Level 11.5 Armour
 - Level 2.6 Dodging
 + Level 7.4 Shields
 - Level 12.2 Unarmed Combat
 - Level 3.0 Hexes
 - Level 5.1 Summonings
 - Level 16.0 Invocations
 - Level 9.0 Evocations


You had 5 spell levels left.
You knew the following spells:

 Your Spells              Type           Power      Damage    Failure   Level
a - Summon Guardian Gole  Hex/Summ       16%        N/A       99%         3
b - Cigotuvi's Dreadful   Necr/Pois/Air  0%         N/A       100%        2
c - Ignite Poison         Fire/Tmut/Pois 0%         N/A       100%        3
d - Passwall              Tmut/Erth      0%         N/A       100%        2

Your spell library contained the following spells:

 Spells                   Type           Power      Damage    Failure   Level
 Foxfire                  Conj/Fire      0%         2x1d4     100%        1
 Sandblast                Erth           0%         2d4       100%        1
 Sublimation of Blood     Necr           0%         N/A       100%        2
 Stone Arrow              Conj/Erth      0%         3d7       100%        3
 Animate Armour           Summ/Erth      20%        N/A       100%        4
 Dispel Undead            Necr           0%         3d6       100%        4
 Petrify                  Tmut/Erth      0%         N/A       100%        4
 Fireball                 Conj/Fire      0%         3d3       100%        5
 Freezing Cloud           Conj/Ice/Air   0%         6-21      100%        5
 Irradiate                Conj/Tmut      0%         3d11      100%        5
 Metabolic Englaciation   Hex/Ice        3%         N/A       100%        5
 Death Channel            Necr           0%         N/A       100%        6
 Plasma Beam              Fire/Air       0%         2x1d11    100%        6
 Starburst                Conj/Fire      0%         6d3       100%        6
 Statue Form              Tmut/Erth      0%         N/A       100%        6
 Orb of Destruction       Conj           0%         9d5       100%        7
 Spellforged Servitor     Conj/Summ      5%         N/A       100%        7
 Borgnjor's Revivificati  Necr           0%         N/A       100%        8
 Lehudib's Crystal Spear  Conj/Erth      0%         10d2      100%        8
 Necromutation            Tmut/Necr      0%         N/A       100%        8
 Death's Door             Necr           0%         N/A       100%        9


Dungeon Overview and Level Annotations

Branches:
Dungeon (15/15)            Temple (1/1) D:7            Lair (5/5) D:11
 Shoals (0/4) Lair:3        Snake (2/4) Lair:3        Slime (0/5) Lair:5
    Orc (2/2) D:10            Elf (0/3) Orc:2        Vaults (0/5) D:13
 Depths (1/4) D:15        Volcano (visited)

Altars:
Ashenzari
Cheibriados
Dithmenos
Fedhas
Gozag
Hepliaklqana
Kikubaaqudgha
Makhleb
Nemelex Xobeh
Okawaru
Qazlal
Ru
Sif Muna
Trog
Uskayaw
Vehumet
Wu Jian
Xom
Yredelemnul
Jiyva

Shops:
D:6 [   D:12 *   D:13 =   Orc:1 *   Orc:2 ((*[(*

Portals:
Trove: D:11 (give +3 shadow dragon scales)

Annotations:
D:9 2 transporters
D:15 Roxanne
Lair:5 2 transporters, dolemite99's ghost, journeyman DjCj
Snake:2 Agnes


Innate Abilities, Weirdness & Mutations

You have hooves in place of feet.
You are completely covered in slimy green scales. (AC +4, rPois)
You regenerate magic rapidly.
Spells you cast may paralyse adjacent enemies.
You punish those that try to bend your will. (Will+)


Message History

a +0 hand axe; a +0 robe; a naga corpse You pummel the black mamba!!
You kill the black mamba!
You see here a black mamba corpse.
You feel clever.
You feel agile.
a - the +4 sling of Turmoil (weapon)
{heavy, Int+2 Dex+3} You start resting.
Magic restored.
You start resting.
HP restored.
Agnes the Wanderer comes into view.
She is wielding a +3 lajatang of venom.
Agnes shouts!
Agnes says, "It is my duty to kill you, but also my pleasure."
A salamander comes into view.
There are monsters nearby!
You shoot a sling bullet. The sling bullet hits Agnes!
Agnes is lightly wounded.
You shoot a sling bullet. The sling bullet hits Agnes!
Agnes is moderately wounded.
Agnes drinks a potion.
Agnes seems to grow stronger.
Agnes says, "You will find the Path of Peace easy to follow, in death."
Agnes hits you with a +3 lajatang of venom!!
You are poisoned.
Agnes hits you with a +3 lajatang of venom!
You block Agnes's attack.
As you read the scroll of teleportation, it crumbles to dust.
You feel strangely unstable.
You feel extremely sick.
Agnes hits you with a +3 lajatang of venom!
Agnes attacks as you move away! You block Agnes's attack.
You feel extremely sick.
Agnes hits you with a +3 lajatang of venom!!!
* * * LOW HITPOINT WARNING * * *
You are more poisoned.
Agnes attacks as you move away! You block Agnes's attack.
* * * LOW HITPOINT WARNING * * *
You feel extremely sick. You block Agnes's attack.
You die...
Your body glows slightly and disappears.

.. #.## ## ... #..#
#########. ....
#..####......... ....#
#...##.######... #....#
##.....## ##.. #.....###
#.......#######..
...../..###......<.........
#Ni................[.
###.@.....#####......
##...###.## ###.).. ##.##
##.## #[.... ###
##.###...#. ##.##<..##
##.#.)### ##...# #..##
##..#


You could see Agnes (strong) and a salamander.

Vanquished Creatures
  Vashnia (Snake:2)
  Mlioglotl (Snake:2)
  Gastronok (D:11)
  A storm dragon (Lair:3)
  Donald (Snake:2)
  Aizul (Snake:2)
  A very ugly thing (D:15)
  A minotaur (Lair:3)
  Josephine (Orc:2)
  A hydra (Lair:4)
  Erolcha (Orc:2)
  A jorogumo (shapeshifter) (D:15)
  5 anacondas
  A boulder beetle (Lair:1)
  A death knight (D:15)
  3 catoblepae
  An ogre mage (D:13)
  2 centaur warriors
  7 two-headed ogres
  5 death yaks
  A tengu warrior (D:15)
  A naga warrior (Snake:1)
  A hell knight (Volcano)
  4 naga sharpshooters
  A skyshark (Lair:4)
  An orb spider (shapeshifter) (D:13)
  2 swamp dragons
  A glowing orange brain (D:15)
  3 naga ritualists
  3 deep elf pyromancers
  A phantasmal warrior (D:15)
  A deep elf archer (D:13)
  7 mana vipers
  8 ugly things
  2 orc knights
  6 orc sorcerers
  4 cyclopes
  3 manticores
  3 salamanders
  Maurice (Orc:2)
  4 naga magi (Snake:2)
  4 elephants
  A guardian serpent (Orc:2)
  2 molten gargoyles (Volcano)
  14 black mambas
  An eye of devastation (Snake:2)
  3 gargoyles
  10 cane toads
  2 freezing wraiths (D:15)
  3 rime drakes
  2 unseen horrors
  A yaktaur (D:13)
  Psyche (D:9)
  A yaktaur (shapeshifter) (D:13)
  An efreet (D:13)
  11 komodo dragons
  3 polar bears
  A meliai (D:13)
  4 trolls
  2 merfolk (Lair:3)
  A raiju (shapeshifter) (D:12)
  4 blink frogs
  2 wind drakes
  2 hornets
  5 slime creatures
  3 shadows (D:10)
  8 wraiths
  42 yaks
  2 fire bats (Volcano)
  A golden eye (Snake:1)
  7 wyverns
  A water elemental (D:13)
  5 basilisks
  A redback (Lair:3)
  A steam dragon (Lair:4)
  2 vampire mosquitoes (D:13)
  6 wargs
  2 acid dragons
  19 nagas
  A floating eye (Orc:2)
  13 water moccasins
  Duvessa (D:5)
  3 black bears
  5 ice beasts
  A sky beast (D:6)
  13 orc warriors
  A meliai simulacrum (D:13)
  A swamp drake (Snake:2)
  6 ogres
  6 wolves
  5 centaurs
  A kobold brigand (D:9)
  The ghost of geeko55 the Charlatan, an amateur DEAr (D:3)
  2 phantoms
  6 bullfrogs
  3 scorpions
  2 gnoll sergeants
  13 wights
  Dowan (D:5)
  5 killer bees
  An electric eel (D:12)
  2 howler monkeys
  4 lava snakes (Volcano)
  3 jellies
  4 hounds
  A gnoll bouda (D:7)
  6 orc priests
  3 sleepcaps
  4 iguanas
  30 orc wizards
  Natasha (thrice) (D:3)
  6 ogre zombies (D:10)
  2 scorpion simulacra (D:3)
  15 gnolls
  9 adders
  A river rat (Orc:2)
  2 shadow imps
  3 white imps
  4 ufetubi
  A worm (D:4)
  74 orcs
  6 ball pythons
  5 endoplasms
  7 giant cockroaches
  8 goblins
  11 hobgoblins
  6 quokkas
  3 bats
  4 frilled lizards
  2 giant cockroach simulacra (D:3)
  3 goblin skeletons (D:10)
  2 goblin zombies (D:10)
  A hobgoblin skeleton (D:10)
  2 hobgoblin zombies (D:10)
  7 kobolds
  3 orc skeletons (D:10)
  12 orc zombies (D:10)
  A rat (D:1)
627 creatures vanquished.

Vanquished Creatures (collateral kills)
  A very ugly thing (D:15)
  2 hydras (Lair:4)
  An anaconda (Snake:1)
  3 catoblepae
  5 death yaks
  A skyshark (Lair:4)
  A naga ritualist (Snake:2)
  An orc sorcerer (Orc:2)
  2 merfolk sirens (Lair:3)
  3 black mambas
  3 komodo dragons
  A wind drake (Volcano)
  A slime creature (D:15)
  16 yaks
  A wraith (D:10)
  2 spriggans (Volcano)
  A wyvern (Lair:2)
  2 basilisks
  A steam dragon (D:9)
  2 acid dragons (D:9)
  2 water moccasins
  2 orc warriors
  An ice beast (D:7)
  An ogre (D:13)
  4 centaurs
  A kobold brigand (D:9)
  3 bullfrogs
  6 wights
  5 killer bees (D:11)
  A howler monkey (D:9)
  A jelly (D:6)
  An orc priest (D:7)
  An iguana (D:7)
  11 orc wizards
  2 ogre zombies (D:10)
  3 gnolls (D:7)
  An adder (D:6)
  A shadow imp (D:7)
  A white imp (D:13)
  11 orcs
  A goblin skeleton (D:10)
  An orc zombie (D:10)
111 creatures vanquished.

Vanquished Creatures (others)
  2 catoblepae
  A black mamba (Lair:2)
  A dream sheep (Snake:2)
  A culicivora (Snake:2)
  An orc (Orc:2)
6 creatures vanquished.

Grand Total: 744 creatures vanquished

Notes
Turn   | Place    | Note
-------+----------+-------------------------------------------
     0 | D:1      | dolemite99 the Demonspawn Monk began the quest for the Orb.
     0 | D:1      | Reached XP level 1. HP: 18/18 MP: 1/1
   478 | D:1      | Gained mutation: You are partially covered in slimy green
                  | scales. (AC +2) [demonic ancestry]
   478 | D:1      | Reached XP level 2. HP: 19/24 MP: 2/2
  1480 | D:2      | Gained mutation: You regenerate magic rapidly. [demonic
                  | ancestry]
  1480 | D:2      | Reached XP level 3. HP: 29/29 MP: 3/3
  1535 | D:2      | Identified the +1 robe of the Gusle {rN+ Int+3}
  2251 | D:3      | Found a faded altar of an unknown god.
  2529 | D:2      | Reached XP level 4. HP: 6/35 MP: 4/4
  3083 | D:3      | Reached skill level 5 in Unarmed Combat
  3155 | D:3      | Noticed Natasha
  3165 | D:3      | Killed Natasha
  3166 | D:3      | Gained mutation: You have large cloven feet. [demonic
                  | ancestry]
  3166 | D:3      | Reached XP level 5. HP: 29/41 MP: 5/5
  3221 | D:3      | Noticed Natasha
  3226 | D:3      | Killed Natasha
  3397 | D:3      | Prayed at the altar of an unknown god.
  3397 | D:3      | Became a worshipper of Nemelex Xobeh the Trickster
  3397 | D:3      | Reached * piety under Nemelex Xobeh
  3397 | D:3      | Received a gift from Nemelex Xobeh
  3397 | D:3      | Reached ** piety under Nemelex Xobeh
  3397 | D:3      | Received a gift from Nemelex Xobeh
  3490 | D:3      | Noticed Natasha
  3497 | D:3      | Killed Natasha
  3738 | D:3      | Found a runed translucent gate.
  3738 | D:3      | Found a runed translucent gate.
  3738 | D:3      | Found a runed translucent gate.
  3924 | D:4      | Received a gift from Nemelex Xobeh
  3998 | D:4      | Reached *** piety under Nemelex Xobeh
  4191 | D:4      | Reached XP level 6. HP: 47/47 MP: 6/6
  4419 | D:3      | Noticed geeko55's ghost (amateur DEAr)
  4706 | D:4      | Noticed an orc warrior
  4715 | D:4      | Killed an orc warrior
  4716 | D:4      | Reached XP level 7. HP: 35/52 MP: 7/7
  4733 | D:4      | Reached skill level 1 in Invocations
  5056 | D:5      | Entered Level 5 of the Dungeon
  5074 | D:5      | Reached skill level 3 in Invocations
  5191 | D:5      | Reached skill level 5 in Invocations
  5367 | D:5      | Noticed Duvessa
  5382 | D:5      | Killed Duvessa
  5383 | D:5      | Reached skill level 6 in Invocations
  5420 | D:5      | Noticed Dowan
  5430 | D:5      | Killed Dowan
  5431 | D:5      | Gained mutation: Spells you cast may paralyse adjacent
                  | enemies. [demonic ancestry]
  5431 | D:5      | Reached XP level 8. HP: 58/58 MP: 11/13
  5434 | D:5      | Reached skill level 7 in Invocations
  6026 | D:5      | Reached skill level 8 in Invocations
  6512 | D:6      | Reached skill level 9 in Invocations
  6648 | D:6      | Reached skill level 10 in Invocations
  6844 | D:6      | Reached skill level 11 in Invocations
  7080 | D:6      | Found a sacrificial altar of Ru.
  7110 | D:6      | Gained mutation: You are mostly covered in slimy green
                  | scales. (AC +3) [demonic ancestry]
  7110 | D:6      | Reached XP level 9. HP: 63/63 MP: 17/17
  7305 | D:6      | Found Pephaanu's Armour Boutique.
  7311 | D:6      | Reached skill level 12 in Invocations
  7314 | D:6      | Bought a +2 helmet for 214 gold pieces
  7529 | D:7      | Received a gift from Nemelex Xobeh
  7534 | D:7      | Reached **** piety under Nemelex Xobeh
  7812 | D:7      | Reached skill level 1 in Evocations
  7868 | D:7      | Noticed a soul eater
  8559 | D:7      | Found a staircase to the Ecumenical Temple.
  8752 | D:7      | Received a gift from Nemelex Xobeh
  9018 | Temple   | Entered the Ecumenical Temple
  9415 | D:8      | Reached skill level 5 in Evocations
  9838 | D:8      | Reached skill level 1 in Throwing
  9852 | D:8      | Reached ***** piety under Nemelex Xobeh
  9881 | D:8      | Learned a level 2 spell: Passwall
 10026 | D:8      | Found a radiant altar of Vehumet.
 10032 | D:8      | Found an opulent altar of Gozag.
 10126 | D:8      | Found an iron altar of Okawaru.
 10128 | D:8      | Found an ornate altar of the Wu Jian Council.
 10128 | D:8      | Found a broken altar of Ashenzari.
 10129 | D:8      | Found a sparkling altar of Nemelex Xobeh.
 10134 | D:8      | Found a bloodstained altar of Trog.
 10290 | D:9      | Received a gift from Nemelex Xobeh
 10444 | D:9      | Noticed Psyche
 10447 | D:9      | Killed Psyche
 10468 | D:9      | Gained mutation: You have hoof-like feet. [demonic
                  | ancestry]
 10468 | D:9      | Reached XP level 10. HP: 70/70 MP: 19/19
 10484 | D:9      | Identified the +2 quarterstaff "Osozuc" {freeze, rPois rN+
                  | rCorr}
 10560 | D:9      | Found a transporter.
 10913 | D:9      | Found a transporter.
 10938 | D:9      | Noticed a two-headed ogre
 10942 | D:9      | Killed a two-headed ogre
 11074 | D:9      | Reached skill level 5 in Fighting
 11877 | D:9      | Learned a level 2 spell: Cigotuvi's Dreadful Rot
 11949 | D:10     | Entered Level 10 of the Dungeon
 12146 | D:10     | Received a gift from Nemelex Xobeh
 12613 | D:10     | Reached skill level 1 in Armour
 12779 | D:10     | Noticed a two-headed ogre
 12984 | D:10     | Found a staircase to the Orcish Mines.
 13027 | D:10     | Gained mutation: You have hooves in place of feet. [demonic
                  | ancestry]
 13027 | D:10     | Reached XP level 11. HP: 87/87 MP: 20/20
 13069 | D:10     | Killed a two-headed ogre
 13311 | D:10     | Identified the +3 scale mail of Darkness {Str+6 Dex+5
                  | Slay-3}
 13379 | D:10     | Received a gift from Nemelex Xobeh
 13405 | D:10     | Reached skill level 5 in Armour
 13508 | D:10     | Identified the +6 hand axe "Tousod" {pain, rPois Will+
                  | Int-5}
 13838 | D:3      | Killed geeko55's ghost
 14119 | D:11     | Noticed Gastronok
 14138 | D:11     | Killed Gastronok
 14321 | D:11     | Found a staircase to the Lair.
 14428 | D:11     | Learned a level 3 spell: Ignite Poison
 14466 | D:11     | Noticed a red ugly thing
 14472 | D:11     | Killed a red ugly thing
 14736 | D:11     | Noticed a two-headed ogre
 14849 | D:11     | Found a sparkling altar of Nemelex Xobeh.
 14880 | D:11     | Identified a scroll of acquirement
 14880 | D:11     | Acquired a manual of Fighting
 15074 | D:11     | Reached skill level 10 in Fighting
 15396 | D:11     | Noticed a sun demon
 15398 | D:11     | Identified the +2 trident "Demonspawn's Doom" {heavy, rF-
                  | rCorr Int+4 Dex+3}
 15736 | D:11     | Found a portal to a secret trove of treasure.
 15922 | D:11     | Killed a two-headed ogre
 15933 | Lair:1   | Entered Level 1 of the Lair of Beasts
 16034 | Lair:1   | Reached skill level 13 in Invocations
 16048 | Lair:1   | Reached XP level 12. HP: 81/101 MP: 21/21
 16357 | Lair:1   | Noticed a boulder beetle
 16365 | Lair:1   | Killed a boulder beetle
 16681 | Lair:1   | Received a gift from Nemelex Xobeh
 17188 | Lair:2   | Noticed a catoblepas
 17189 | Lair:2   | Reached skill level 14 in Invocations
 17203 | Lair:2   | Killed a catoblepas
 18166 | Lair:3   | Noticed a death yak
 18166 | Lair:3   | Noticed a death yak
 18167 | Lair:3   | Noticed a death yak
 18168 | Lair:3   | a death yak changed into a catoblepas
 18168 | Lair:3   | Noticed a catoblepas
 18168 | Lair:3   | a death yak changed into a storm dragon
 18168 | Lair:3   | Noticed a storm dragon
 18168 | Lair:3   | a death yak changed into a minotaur
 18168 | Lair:3   | Noticed a minotaur
 18172 | Lair:3   | Killed a catoblepas
 18175 | Lair:3   | Killed a minotaur
 18179 | Lair:3   | Killed a storm dragon
 18248 | Lair:3   | Reached skill level 5 in Ranged Weapons
 18396 | Lair:3   | Received a gift from Nemelex Xobeh
 18430 | Lair:3   | Found a gate leading to a gauntlet.
 18676 | Lair:3   | Found a staircase to the Snake Pit.
 18735 | Lair:3   | Found a staircase to the Shoals.
 18994 | Lair:3   | Gained mutation: You are completely covered in slimy green
                  | scales. (AC +4, rPois) [demonic ancestry]
 18994 | Lair:3   | Reached XP level 13. HP: 112/112 MP: 24/24
 19665 | Lair:4   | Received a gift from Nemelex Xobeh
 19782 | Lair:4   | Reached skill level 15 in Fighting
 20484 | Lair:5   | Entered Level 5 of the Lair of Beasts
 20812 | Lair:4   | Received a gift from Nemelex Xobeh
 21275 | Lair:5   | Noticed dolemite99's ghost (journeyman DjCj)
 21490 | Lair:5   | Found a staircase to the Slime Pits.
 21490 | Lair:5   | Found a viscous altar of Jiyva.
 22820 | Lair:5   | Reached skill level 10 in Unarmed Combat
 23439 | Lair:5   | Received a gift from Nemelex Xobeh
 23475 | Lair:5   | Found a transporter.
 23486 | Lair:5   | Found a transporter.
 23923 | Lair:5   | Gained mutation: You punish those that try to bend your
                  | will. (Will+) [demonic ancestry]
 23923 | Lair:5   | Reached XP level 14. HP: 96/123 MP: 25/25
 24644 | Lair:5   | Identified the staff of air "Iroshruvun" {rElec rPois rCorr
                  | SInv}
 24853 | Orc:1    | Entered Level 1 of the Orcish Mines
 24966 | Orc:1    | Found Hanu's Assorted Antiques.
 24986 | Orc:1    | Bought a box of beasts for 880 gold pieces
 24986 | Orc:1    | Bought a scroll of teleportation for 66 gold pieces
 24986 | Orc:1    | Bought a scroll of teleportation for 66 gold pieces
 24991 | Orc:1    | Bought a pair of glowing gloves for 165 gold pieces
 25146 | Orc:1    | Received a gift from Nemelex Xobeh
 25209 | Orc:1    | Found a dark tunnel.
 25214 | Volcano  | Entered a volcano
 25425 | Volcano  | Found a burning altar of Makhleb.
 25906 | Volcano  | Reached ****** piety under Nemelex Xobeh
 26165 | Orc:2    | Entered Level 2 of the Orcish Mines
 26286 | Orc:2    | Noticed Maurice
 26502 | Orc:2    | Killed Maurice
 26820 | Orc:2    | Received a gift from Nemelex Xobeh
 27370 | Orc:2    | Found Duohad's General Store.
 27370 | Orc:2    | Found Jiloboda's Antique Weapon Shop.
 27618 | Orc:2    | Found a staircase to the Elven Halls.
 27619 | Orc:2    | Found Mothoac's Antique Armour Shop.
 27712 | Orc:2    | Noticed Erolcha
 27716 | Orc:2    | Killed Erolcha
 27971 | Orc:2    | Found Rutrirr's Antique Weapon Shoppe.
 28005 | Orc:2    | Noticed Josephine
 28030 | Orc:2    | Paralysed by a floating eye for 2 turns
 28038 | Orc:2    | Paralysed by a floating eye for 4 turns
 28430 | Orc:2    | Paralysed by a floating eye for 2 turns
 28465 | Orc:2    | Found Sani Perphoce's General Store.
 28465 | Orc:2    | Found Caweifas's Antique Weapon Shop.
 28470 | Orc:2    | Bought a scroll of teleportation for 36 gold pieces
 28470 | Orc:2    | Bought a condenser vane for 480 gold pieces
 28470 | Orc:2    | Bought a potion of invisibility for 96 gold pieces
 28470 | Orc:2    | Bought 2 scrolls of fear for 96 gold pieces
 28495 | Orc:2    | Killed Josephine
 28507 | Orc:2    | Reached skill level 15 in Invocations
 28629 | Orc:2    | Bought a scroll of teleportation for 48 gold pieces
 28629 | Orc:2    | Bought a wand of mindburst (8) for 179 gold pieces
 28629 | Orc:2    | Bought a wand of paralysis (4) for 153 gold pieces
 29578 | D:12     | Received a gift from Nemelex Xobeh
 29950 | D:12     | Found Huufrash's Assorted Antiques.
 29956 | D:12     | Bought a scroll of identify for 50 gold pieces
 31394 | D:13     | Received a gift from Nemelex Xobeh
 31401 | D:13     | Identified the +4 sling of Turmoil {heavy, Int+2 Dex+3}
 31912 | D:13     | Found Xirufid's Jewellery Emporium.
 33077 | D:13     | Reached XP level 15. HP: 79/129 MP: 26/26
 33443 | D:13     | Found a gate to the Vaults.
 33527 | D:13     | Reached skill level 10 in Armour
 33749 | D:13     | Reached skill level 16 in Invocations
 34257 | D:14     | Received a gift from Nemelex Xobeh
 34561 | D:15     | Entered Level 15 of the Dungeon
 34660 | D:15     | Reached skill level 1 in Shields
 35178 | D:15     | Received a gift from Nemelex Xobeh
 35253 | D:15     | Found a stormy altar of Qazlal.
 35277 | D:15     | Noticed Roxanne
 37194 | D:15     | Found a staircase to the Depths.
 37477 | Depths:1 | Entered Level 1 of the Depths
 37744 | Snake:1  | Entered Level 1 of the Snake Pit
 38402 | Snake:1  | Identified the +3 scale mail of the Hills {-Tele Str+3
                  | Stlth+}
 38641 | Snake:1  | Received a gift from Nemelex Xobeh
 38707 | Snake:1  | Learned a level 3 spell: Summon Guardian Golem
 38771 | Snake:1  | Reached skill level 1 in Summonings
 39796 | Snake:2  | Noticed Vashnia
 40097 | Snake:2  | Reached skill level 5 in Summonings
 40367 | Snake:2  | Noticed Mlioglotl
 40412 | Snake:2  | Noticed Donald
 40436 | Snake:2  | Reached skill level 1 in Hexes
 40440 | Snake:2  | Killed Donald
 40648 | Snake:2  | Killed Mlioglotl
 40734 | Snake:2  | Reached skill level 5 in Shields
 40848 | Snake:2  | Noticed Aizul
 41157 | Snake:2  | Killed Vashnia
 41168 | Snake:2  | Reached XP level 16. HP: 74/136 MP: 28/28
 41610 | Snake:2  | Received a gift from Nemelex Xobeh
 42482 | Snake:2  | Killed Aizul
 43140 | Snake:2  | Noticed Agnes
 43146 | Snake:2  | Succumbed to Agnes's poison

Illustrated notes

Levels and vault maps discovered:
D:1:      dpeg_arrival_court, layout_basic
D:2:      layout_loops_ring, kennysheep_flooded_box, hangedman_glass_teeth,
          grunt_decor_arrowhead
D:3:      layout_basic, gammafunk_ghost_icy,
          shapermc_ecumenical_altar_totnotflames, minmay_ruptured, uniq_natasha
D:4:      layout_basic, nicolae_nh_ransacked_shop
D:5:      layout_basic, hellmonk_no_cap, uniq_duvessa
D:6:      layout_loops_ring, mainiacjoe_overflow_alcove_1, serial_shops,
          nicolae_shop_hallway_plus
D:7:      layout_basic, minmay_temple_entry_drinking_statues, enter_bailey_4,
          chequers_serial_rivers_room_a, hangedman_abyss_or_decor_stabs
D:8:      layout_loops_ring, nicolae_overflow_hallway_of_the_gods, dk_vineyard_1
D:9:      minmay_polygon_palace, layout_irregular_city, nicolae_diode_stairs,
          uniq_psyche
D:10:     layout_long_grid, zombieorc2_lemuel, library_closet
D:11:     layout_basic, lair_entry_dummy, nicolae_trove_entry_diagonal,
          nemelex_diamond_rough_becter, uniq_gastronok
D:12:     layout_roguey, serial_shops, shop, kennysheep_island_fort
D:13:     layout_basic, hangedman_vaults_entry_quadrant_bands, serial_ice,
          serial_ice_h, serial_ice_l, serial_ice_m, serial_ice_o, serial_ice_d,
          serial_ice_a, serial_ice_e, serial_shops, shop_statue,
          kennysheep_generic_room_5
D:14:     layout_loops_ring, nicolae_ashenzari_panopticon, dk_noncrumbling_4
D:15:     gammafunk_enter_depths_forms, layout_loops_ring, minivault_19,
          grunt_qazlal_clouds, uniq_roxanne
Temple:   nicolae_temple_bog_church
Lair:1:   layout_loops_ring, beast_lair_carwin_6, lemuel_fruit_fields,
          grunt_megastairs_5
Lair:2:   layout_misc_corridors, beast_lair_carwin_7
Lair:3:   layout_gridlike, elwin_shoals_entry_stream, dummy_snake_entry,
          gauntlet_entry_generic
Lair:4:   layout_regular_city
Lair:5:   evilmike_catoblepas_cave, layout_hall_layers,
          minmay_slime_entry_pillars, gammafunk_ghost_arena, pond
Snake:1:  layout_rooms, grunt_megastairs_1
Snake:2:  layout_layer_cave, abandoned_shop, nicolae_triple_integral,
          uniq_agnes, uniq_mlioglotl, uniq_donald, uniq_aizul, uniq_vashnia
Orc:1:    layout_diamond_mine, enter_volcano_4, serial_shops, shop
Orc:2:    st_orc_town, layout_diamond_mine, serial_shops,
          nicolae_shop_pleasant_corner_grove, nicolae_shop_trees,
          uniq_josephine, uniq_erolcha, uniq_maurice
Depths:1: layout_gridville, enter_ziggurat_d, serial_shops,
          nicolae_shop_window_shopping, grunt_hell_horde,
          serial_sigils_hangedman_snap, drop_trap, nicolae_elyvilon_temple_path,
          minmay_shop_star, uniq_saint_roka, uniq_enchantress, uniq_sojobo

Skill      XL: |  1  2  3  4  5  6  7  8  9 10 11 12 13 14 15 16 |
---------------+-------------------------------------------------+-----
Unarmed Combat | 3 4 5 6 7 10 12 | 12.2
Invocations    | 6 11 12 13 14 15 16 | 16.0
Evocations     | 5 9 |  9.0
Throwing       | 4 |  4.5
Fighting       | 8 11 13 15 | 15.4
Armour         | 3 7 9 11 | 11.5
Ranged Weapons | 6 |  6.9
Shields        | 6 7 |  7.4
Summonings     | 5 |  5.1
Hexes          | 3 |  3.0
Dodging        | |  2.6

Action                     |  1- 3 |  4- 6 |  7- 9 | 10-12 | 13-15 | 16-18 || total
---------------------------+-------+-------+-------+-------+-------+-------++-------
  Melee: Unarmed           |   118 |     7 |   123 |   487 |   883 |    58 ||  1676
         Dagger            |       |    88 |   127 |       |       |       ||   215
         Kick              |       |    27 |   107 |   252 |   387 |    20 ||   793
         Punch             |       |       |       |       |    39 |       ||    39
   Fire: Arbalest          |       |       |       |    17 |   299 |       ||   316
         Sling             |       |       |       |       |   158 |    41 ||   199
  Throw: Dart              |    16 |    26 |   106 |    92 |    51 |       ||   291
 Invoke: Draw Destruction  |       |     6 |     9 |    36 |    50 |     2 ||   103
         Draw Summoning    |       |       |     7 |    13 |    20 |       ||    40
         Triple Draw       |       |       |     1 |       |       |       ||     1
         Stack Five        |       |       |       |     1 |       |       ||     1
         Deal Four         |       |       |       |     1 |     1 |       ||     2
         Draw Escape       |       |       |       |       |     2 |       ||     2
         Draw Stack        |       |       |       |       |     4 |       ||     4
  Evoke: Wand              |       |       |       |    13 |    31 |       ||    44
         Box of beasts     |       |       |       |       |     2 |       ||     2
         Condenser vane    |       |       |       |       |     2 |       ||     2
         Phantom mirror    |       |       |       |       |     2 |       ||     2
    Use: Potion            |       |     4 |       |     4 |    20 |     2 ||    30
         Scroll            |       |       |    19 |     9 |    24 |     1 ||    53
   Stab: Distracted        |       |       |     1 |     2 |     3 |       ||     6
         Invisible         |       |       |       |       |     8 |       ||     8
 Armour: Robe              |     7 |       |       |       |       |       ||     7
         Scale mail        |    28 |    32 |       |       |       |       ||    60
         Chain mail        |       |     5 |   121 |   259 |    57 |       ||   442
         Plate armour      |       |       |       |       |  1100 |    48 ||  1148
  Dodge: Dodged            |    57 |    53 |   134 |   236 |   422 |    26 ||   928
  Block: Orb               |       |     2 |    69 |   116 |       |       ||   187
         Reflection        |       |     1 |       |     1 |    29 |     5 ||    36
         Other             |       |       |       |    11 |   181 |       ||   192
         Buckler           |       |       |       |       |   203 |       ||   203
         Kite shield       |       |       |       |       |    85 |    76 ||   161
